 Dungeon Crawl Stone Soup version 0.24.0-28-g17ded55e90 (webtiles) character file.

Game seed: 7453858542799782227, levelgen mode: deterministic

2779 Iamsoldier the Basher (level 9, -3/54 HPs)
             Began as a Gargoyle Berserker on Nov 13, 2019.
             Was an Elder of Trog.
             Slain by Harold
             ... wielding a +2 battleaxe of chopping
              (8 damage)
             ... on level 8 of the Dungeon.
             The game lasted 00:19:47 (6868 turns).

Iamsoldier the Basher (Gargoyle Berserker)          Turns: 6868, Time: 00:19:48

Health: -3/54      AC: 25    Str: 23    XL:     9   Next: 70%
Magic:  11/11      EV:  5    Int:  9    God:    Trog [****..]
Gold:   451        SH:  9    Dex:  9    Spells: 8/8 levels left

rFire    . . .     SeeInvis .   G - +3 mace
rCold    . . .     Gourm    .   h - +0 shield
rNeg     + . .     Faith    .   F - +0 plate armour
rPois    ∞         Spirit   .   f - +0 helmet
rElec    +         Reflect  .   x - +0 cloak
rCorr    +         Harm     .   j - +0 pair of gloves
MR       +....                  g - +2 pair of boots {Fly}
Stlth    ..........             (no amulet)
HPRegen  0.18/turn              s - ring of resist corrosion
MPRegen  0.12/turn              m - ring of protection from magic

@: berserk cooldown, flying, slowed, very slow
A: negative energy resistance 1, electricity resistance, unbreathing,
petrification resistance, rot immunity, AC +6
a: Berserk, Trog's Hand, Brothers in Arms, Renounce Religion, Stop Flying


You were on level 8 of the Dungeon.
You worshipped Trog.
Trog was greatly pleased with you.
You were not hungry.

You visited 1 branch of the dungeon, and saw 8 of its levels.

You collected 451 gold pieces.

Inventory:

Hand Weapons
 G - a +3 mace (weapon)
Armour
 f - a +0 helmet (worn)
 g - a +2 pair of boots of flying (worn)
 h - a +0 shield (worn)
 j - a +0 pair of gloves (worn)
 x - a +0 cloak (worn)
 F - a +0 plate armour (worn)
Jewellery
 m - a ring of protection from magic (right hand)
 s - a ring of resist corrosion (left hand)
Wands
 b - a wand of random effects (35)
 l - a wand of flame (51)
 u - a wand of enslavement (5)
 z - a wand of scattershot (4)
 A - a wand of polymorph (11)
 E - a wand of iceblast (4)
Scrolls
 d - 2 scrolls of enchant armour
 e - 2 scrolls of fog
 i - 3 scrolls of remove curse
 n - 5 scrolls of teleportation {unknown}
 o - 2 scrolls of magic mapping {unknown}
 q - 2 scrolls of fear {unknown}
 t - a scroll of amnesia {unknown}
 w - a scroll of enchant weapon {unknown}
 y - a scroll of blinking
Potions
 p - a potion of agility
 r - 4 potions of curing {unknown}
 v - a potion of brilliance {unknown}
 B - a potion of resistance {unknown}
 C - a potion of might {unknown}
 D - a potion of degeneration {unknown}
Comestibles
 c - 12 rations


   Skills:
 + Level 5.2 Fighting
 + Level 10.6 Maces & Flails
 + Level 4.6 Armour
 + Level 3.4 Dodging
 * Level 2.6 Shields
 - Level 3.0 Evocations


You had 8 spell levels left.
You didn't know any spells.
Your spell library was empty.

Dungeon Overview and Level Annotations

Branches:
Dungeon (8/15)             Temple (0/1) D:5
   Lair: D:8-11

Altars:
Cheibriados
Hepliaklqana
Makhleb
Wu Jian
Xom

Annotations:
D:8 Harold


Innate Abilities, Weirdness & Mutations

You are resistant to torment.
Your stone body is resilient. (AC +6)
You are immune to poison.
You resist negative energy. (rN+)
You are resistant to electric shocks. (rElec)
You can survive without breathing.
You are immune to petrification.
You are immune to rotting.


Message History

You are exhausted.
You feel yourself slow down.
You sock Harold!
Harold is moderately wounded.
You block Harold's attack.
You hit Harold but do no damage.
Harold is moderately wounded.
You block Harold's attack.
Harold hits you with a +2 battleaxe of chopping.
You hit Harold.
Harold is moderately wounded.
Harold hits you with a +2 battleaxe of chopping!
You hit Harold.
Harold is moderately wounded.
Harold hits you with a +2 battleaxe of chopping!
* * * LOW HITPOINT WARNING * * *
x2 You thump Harold!
Harold is heavily wounded.
Harold hits you with a +2 battleaxe of chopping!
You die...

...# #...###
...###.....####
#..#...........
##.........?...
##..............
#....(.......... ##
#.#..(.......... #.
# #.............
#.. #...[@@.......
#..# #.....$.......
#...###)<..........
#...)#.....##....
####.####### ###
#..# ##... ##.# .#


You could see Harold.

Vanquished Creatures
  Prince Ribbit (D:8)
  A sky beast (D:5)
  An orc warrior (D:8)
  A black bear (D:8)
  3 ogres
  A necrophage (D:8)
  2 centaurs
  4 bullfrogs
  4 scorpions
  4 wights (D:7)
  3 howler monkeys
  2 crimson imps
  A centaur zombie (D:8)
  4 hounds
  2 jellies
  5 orc wizards
  2 orc priests (D:6)
  3 iguanas
  2 bullfrog skeletons
  Jessica (D:2)
  Natasha (thrice) (D:2)
  2 worker ants
  Robin (D:4)
  12 adders
  6 gnolls
  An ooze (D:1)
  An adder skeleton (D:7)
  An adder zombie (D:6)
  2 worms (D:5)
  4 dart slugs
  4 leopard geckos
  10 orcs
  5 giant cockroaches
  15 goblins
  18 hobgoblins
  14 jackals
  3 quokkas
  2 ball pythons
  7 bats
  8 frilled lizards
  A jackal skeleton (D:4)
  7 kobolds
  6 rats
180 creatures vanquished.

Notes
Turn   | Place    | Note
-------+----------+-------------------------------------------
     0 | D:1      | Iamsoldier the Gargoyle Berserker began the quest for the
                  | Orb.
     0 | D:1      | Reached XP level 1. HP: 14/14 MP: 1/1
   194 | D:1      | Reached XP level 2. HP: 13/19 MP: 2/2
   373 | D:1      | Reached skill level 4 in Maces & Flails
   376 | D:1      | Reached XP level 3. HP: 16/23 MP: 3/3
  1027 | D:2      | Noticed Natasha
  1033 | D:2      | Killed Natasha
  1033 | D:2      | Reached ** piety under Trog
  1033 | D:2      | Reached XP level 4. HP: 22/28 MP: 4/4
  1267 | D:2      | Noticed Natasha
  1276 | D:2      | Killed Natasha
  1276 | D:2      | Reached skill level 5 in Maces & Flails
  1330 | D:2      | Noticed Jessica
  1335 | D:2      | Found a shimmering altar of Xom.
  1366 | D:2      | Killed Jessica
  1366 | D:2      | Reached XP level 5. HP: 29/32 MP: 5/5
  1579 | D:2      | Noticed Natasha
  1589 | D:2      | Killed Natasha
  1589 | D:2      | Reached skill level 6 in Maces & Flails
  2191 | D:3      | Reached XP level 6. HP: 37/37 MP: 6/6
  2761 | D:3      | You are sucked into a shaft and drop 1 floor!
  2776 | D:4      | Reached skill level 7 in Maces & Flails
  2864 | D:4      | Noticed Robin
  2890 | D:4      | Reached *** piety under Trog
  2906 | D:5      | Entered Level 5 of the Dungeon
  3073 | D:4      | Killed Robin
  3084 | D:4      | Reached XP level 7. HP: 33/41 MP: 7/7
  3448 | D:4      | Reached skill level 8 in Maces & Flails
  4216 | D:5      | Reached **** piety under Trog
  4300 | D:5      | Reached skill level 9 in Maces & Flails
  4439 | D:5      | Reached XP level 8. HP: 43/46 MP: 8/8
  4508 | D:5      | Found a staircase to the Ecumenical Temple.
  4524 | D:5      | Found a burning altar of Makhleb.
  4710 | D:5      | Found a hazy altar of Hepliaklqana.
  4724 | D:5      | Found an ornate altar of the Wu Jian Council.
  4875 | D:6      | Reached skill level 10 in Maces & Flails
  4907 | D:6      | Reached skill level 1 in Evocations
  5017 | D:6      | Found a snail-covered altar of Cheibriados.
  5438 | D:7      | Reached XP level 9. HP: 52/52 MP: 10/10
  6801 | D:8      | Noticed Prince Ribbit
  6807 | D:8      | Reached skill level 1 in Shields
  6816 | D:8      | Killed Prince Ribbit
  6816 | D:8      | Reached skill level 5 in Fighting
  6853 | D:8      | Noticed Harold
  6868 | D:8      | Slain by Harold

Levels and vault maps discovered:
D:1:      minmay_arrival_glassed_features, layout_loops_ring
D:2:      layout_basic, xom_butterflies, uniq_natasha, uniq_jessica
D:3:      minmay_angry_zag, layout_basic, cheibrodos_ashenzari_chains
D:4:      layout_rooms, serial_curves, eino_curves_03, eino_curves_04,
          kennysheep_cross_room, uniq_robin
D:5:      layout_cave_pools, amethyst_overflow_temple_binary,
          lemuel_round_altar, temple_fountains, first_ration
D:6:      layout_rooms, kennysheep_mini_moat
D:7:      layout_gridville
D:8:      layout_rooms, uniq_harold, uniq_prince_ribbit1

Skill      XL: |  1  2  3  4  5  6  7  8  9 |
---------------+----------------------------+-----
Maces & Flails | 4 5 6 7 9 10 | 10.6
Dodging        | 2 3 |  3.4
Evocations     | 2 3 |  3.0
Armour         | 3 4 |  4.6
Fighting       | 4 5 |  5.2
Shields        | 2 |  2.6

Action                   |  1- 3 |  4- 6 |  7- 9 || total
-------------------------+-------+-------+-------++-------
Melee: Mace              |    85 |   279 |   415 ||   779
       Battleaxe         |       |       |    12 ||    12
Invok: Berserk           |     1 |     4 |     9 ||    14
       Trog's Hand       |       |       |     1 ||     1
  Use: Scroll            |       |     4 |     4 ||     8
       Potion            |       |     3 |       ||     3
  Eat: Chunk             |       |    12 |    19 ||    31
       Ration            |       |       |     1 ||     1
Armor: Chain mail        |    49 |   331 |   304 ||   684
       Animal skin       |     9 |       |       ||     9
       Plate armour      |       |       |    31 ||    31
Dodge: Dodged            |    46 |   214 |   194 ||   454
Block: Shield            |       |       |     5 ||     5
